 Dungeon Sprint DCSS version 0.28.0-47-ge53b351184 (webtiles) character file.

Game seed: 18155886513798200624

3726 101zpm the Eclecticist (level 10, -2/69 HPs)
             Began as a Djinni Ice Elementalist on Apr 28, 2022.
             Slain by a demonic crawler (11 damage)
             ... in the Dungeon (Sprint I: "Red Sonja").
             The game lasted 00:13:02 (2206 turns).

101zpm the Eclecticist (Djinni Ice Elementalist)    Turns: 2206, Time: 00:13:03

Health: -2/69      AC:  5    Str:  7    XL:     10   Next: 36%
Gold:   954        EV: 15    Int: 21    God:
                   SH:  0    Dex: 14

rFire   + + .      SeeInvis .   k - +3 dagger
rCold   x . .      Faith    .   (no shield)
rNeg    . . .      Spirit   .   i - +2 robe {Will+}
rPois   ∞          Reflect  .   (no helmet)
rElec   .          Harm     .   l - +0 cloak
rCorr   .          Rampage  .   (no gloves)
Will    ++...      NoTele   +   (boots unavailable)
Stlth   ++........              (no amulet)
HPRegen 0.21/turn               (no ring)
MPRegen 0.00/turn               (no ring)

@: flying
A: sickness immunity, fire resistance 2, cold vulnerability 1, float, innate
caster, HP casting, extra vitality 1
a: no special abilities


You were in the Dungeon.
You visited 1 branch You collected 954 gold pieces.

Inventory:

Hand Weapons
 h - a +0 club
 k - a +3 dagger (weapon)
Armour
 i - a +2 robe of willpower (worn)
 l - a +0 cloak (worn)
Wands
 g - a wand of digging (7)
 m - a wand of flame (13)
Scrolls
 a - a scroll of identify {unknown}
 f - a scroll of blinking
 j - a scroll of enchant weapon {unknown}
Potions
 b - 3 potions of curing
 c - a potion of mutation {unknown}
 d - a potion of haste
 e - a potion of berserk rage


   Skills:
 + Level 4.3 Fighting
 + Level 6.9 Dodging
 + Level 3.8 Stealth
 + Level 16.7 Spellcasting


You had 23 spell levels left.
You knew the following spells:

 Your Spells              Type           Power      Damage    Failure   Level
a - Freeze                Ice            100%       1d11      0%          1
b - Frozen Ramparts       Ice            100%       1d12      0%          3
c - Ozocubu's Armour      Ice            73%        N/A       0%          3
d - Hailstorm             Conj/Ice       73%        3d15      1%          4
e - Shock                 Conj/Air       100%       1d9       0%          1
f - Poisonous Vapours     Pois/Air       100%       N/A       0%          2
g - Blink                 Tloc           100%       N/A       0%          2
h - Portal Projectile     Hex/Tloc       100%       N/A       0%          3
Your spell library was empty.

Dungeon Overview and Level Annotations

Branches:
Dungeon (1/1)

Altars:
Cheibriados
Dithmenos
Elyvilon
Fedhas
Gozag
Hepliaklqana
Kikubaaqudgha
Makhleb
Nemelex Xobeh
Okawaru
Qazlal
Ru
Sif Muna
Trog
Uskayaw
Vehumet
Wu Jian
Xom
Yredelemnul
Zin
The Shining One
Jiyva
Lugonu

Shops:
D !

Annotations:
D exclusion: oklob plant


Innate Abilities, Weirdness & Mutations

You are immune to sickness and miasma.
You are immune to poison.
Your flesh is very heat resistant. (rF++)
You are vulnerable to cold. (rC-)
You float through the air rather than walking.
You learn spells naturally, not from books.
Your magical power is your life essence.
You have superior vitality. (+4 MHP)


Message History

The demonic crawler hits you but does no damage.
The demonic crawler hits you!
The demonic crawler resists.
The wall freezes the demonic crawler.
The demonic crawler resists.
The wall freezes the demonic crawler.
The demonic crawler resists.
The wall freezes the demonic crawler.
The demonic crawler hits you but does no damage.
The demonic crawler hits you! The demonic crawler hits you.
The demonic crawler resists.
The wall freezes the demonic crawler.
The demonic crawler hits you but does no damage. x2
The demonic crawler hits you.
The demonic crawler resists.
The wall freezes the demonic crawler.
The demonic crawler completely resists.
The wall freezes the demonic crawler but does no damage.
Casting: Shock (safe; 0% risk of failure)
Confirm with . or Enter, or press ? or * to list all spells.
Your icy armour and frozen ramparts will break if you move.
Continue?
You blink.
Your icy armour cracks and falls away as you move.
The frozen ramparts melt away as you move.
The demonic crawler misses you. The demonic crawler closely misses you.
The demonic crawler barely misses you. As you open the door, it creaks loudly!
The demonic crawler closely misses you. The demonic crawler hits you!
The demonic crawler misses you.
The demonic crawler hits you but does no damage. x2
The demonic crawler barely misses you. The demonic crawler misses you.
The demonic crawler hits you but does no damage.
The demonic crawler misses you.
Found 54 gold pieces.
Found 54 gold pieces.
The demonic crawler shrieks in warning!
The demonic crawler hits you!
* * * LOW HITPOINT WARNING * * *
The demonic crawler hits you.
* * * LOW HITPOINT WARNING * * *
The demonic crawler barely misses you.
The demonic crawler shrieks in warning!
You hear a roar!
There is an open door here.
The demonic crawler hits you!
You die...

############# ##
..#__#..'.).# #§§
.['..'..#[..##+#§#
#'#__####...s§.#@#
#)####(§#####§ss§#
#(#≈§≈§§#.$##+####
§.'≈≈§§.'..#
._#§§§§.#..#
#§##§#####'#
#.#§.§.#


P'. ####'### #.# .+.....' .# You could see 2 demonic crawlers.

Vanquished Creatures
  2 centaur warriors (D)
  Sonja (D)
  A deep troll (D)
  2 kobold demonologists (D)
  A hornet (D)
  A slime creature (D)
  Sigmund (D)
  A yak (D)
  A floating eye (D)
  An ogre (D)
  A jelly (D)
  Ijyb (D)
  A ballistomycete spore (D)
15 creatures vanquished.

Notes
Turn   | Place    | Note
-------+----------+-------------------------------------------
     0 | D        | 101zpm the Djinni Ice Elementalist began the quest for the
                  | Orb.
     0 | D        | Reached XP level 1. HP: 15/15 MP: 0/0
     2 | D        | Noticed Ijyb
    10 | D        | Killed Ijyb
    11 | D        | Reached skill level 5 in Spellcasting
    11 | D        | Reached XP level 2. HP: 2/21 MP: 0/0
    11 | D        | Reached XP level 3. HP: 2/25 MP: 0/0
    11 | D        | Learned a level 1 spell: Shock
   298 | D        | Noticed an ogre
   334 | D        | Killed an ogre
   335 | D        | Reached skill level 7 in Spellcasting
   335 | D        | Reached XP level 4. HP: 17/31 MP: 0/0
   335 | D        | Reached XP level 5. HP: 20/36 MP: 0/0
   335 | D        | Learned a level 2 spell: Poisonous Vapours
   463 | D        | Noticed Sigmund
   469 | D        | Killed Sigmund
   470 | D        | Reached skill level 1 in Fighting
   470 | D        | Reached skill level 9 in Spellcasting
   470 | D        | Reached XP level 6. HP: 22/42 MP: 0/0
   636 | D        | Found an ornate altar of the Wu Jian Council.
   648 | D        | Reached skill level 10 in Spellcasting
   687 | D        | Noticed a centaur warrior
   687 | D        | Noticed a centaur warrior
   706 | D        | Killed a centaur warrior
   707 | D        | Reached skill level 12 in Spellcasting
   707 | D        | Reached XP level 7. HP: 5/49 MP: 0/0
   707 | D        | Learned a level 2 spell: Blink
   707 | D        | Reached XP level 8. HP: 5/55 MP: 0/0
  1084 | D        | Found a burning altar of Makhleb.
  1084 | D        | Found a viscous altar of Jiyva.
  1084 | D        | Found a shimmering altar of Xom.
  1084 | D        | Found a corrupted altar of Lugonu.
  1084 | D        | Noticed a slime creature
  1092 | D        | Killed a slime creature
  1093 | D        | Reached skill level 13 in Spellcasting
  1256 | D        | Killed a centaur warrior
  1257 | D        | Reached skill level 5 in Dodging
  1257 | D        | Reached skill level 14 in Spellcasting
  1257 | D        | Reached XP level 9. HP: 16/61 MP: 0/0
  1257 | D        | Learned a level 3 spell: Portal Projectile
  1591 | D        | Found a hazy altar of Hepliaklqana.
  1591 | D        | Found a hide-covered altar of Uskayaw.
  1592 | D        | Found Suczally's Distillery.
  1592 | D        | Found a stormy altar of Qazlal.
  1592 | D        | Found a blossoming altar of Fedhas.
  1592 | D        | Found a bloodstained altar of Trog.
  1592 | D        | Noticed Sonja
  1614 | D        | Noticed a kobold demonologist
  1664 | D        | Noticed a hornet
  1678 | D        | Killed a hornet
  1678 | D        | Noticed a deep troll
  1679 | D        | Reached skill level 15 in Spellcasting
  1684 | D        | Killed a deep troll
  1793 | D        | Killed Sonja
  1794 | D        | Reached skill level 16 in Spellcasting
  1794 | D        | Reached XP level 10. HP: 23/67 MP: 0/0
  2011 | D        | Noticed a kobold demonologist
  2013 | D        | Paralysed by a floating eye for 3 turns
  2017 | D        | Killed a kobold demonologist
  2019 | D        | Killed a kobold demonologist
  2129 | D        | Noticed an oklob plant
  2138 | D        | Found an iron altar of Okawaru.
  2138 | D        | Found a sacrificial altar of Ru.
  2138 | D        | Found a glowing silver altar of Zin.
  2139 | D        | Found a basalt altar of Yredelemnul.
  2139 | D        | Found a glowing golden altar of the Shining One.
  2139 | D        | Found a snail-covered altar of Cheibriados.
  2139 | D        | Found a shadowy altar of Dithmenos.
  2139 | D        | Found a white marble altar of Elyvilon.
  2140 | D        | Found an opulent altar of Gozag.
  2141 | D        | Found a sparkling altar of Nemelex Xobeh.
  2198 | D        | Noticed a demonic crawler
  2198 | D        | Noticed a demonic crawler
  2198 | D        | Noticed a demonic crawler
  2198 | D        | Noticed a demonic crawler
  2206 | D        | Slain by a demonic crawler

Illustrated notes

Levels and vault maps discovered:
D:        dungeon_sprint_1 [red_sonja_temple_1, red_sonja_temple_small_1]

Skill      XL: |  1  2  3  4  5  6  7  8  9 |
---------------+----------------------------+-----
Spellcasting   | 5 7 9 12 14 16 | 16.7
Dodging        | 3 4 5 6 |  6.9
Stealth        | 2 3 |  3.8
Fighting       | 1 2 3 4 |  4.3

Action                   |  1- 3 |  4- 6 |  7- 9 | 10-12 || total
-------------------------+-------+-------+-------+-------++-------
 Cast: Freeze            |     8 |     7 |     8 |       ||    23
       Frozen Ramparts   |     2 |     3 |     7 |     2 ||    14
       Ozocubu's Armour  |     2 |     3 |     5 |     2 ||    12
       Poisonous Vapours |       |     2 |     7 |     2 ||    11
       Shock             |       |       |    11 |     3 ||    14
       Blink             |       |       |       |     1 ||     1
       Hailstorm         |       |       |       |     1 ||     1
  Use: Potion            |       |     1 |       |       ||     1
Armor: Robe              |       |     5 |    16 |    14 ||    35
Dodge: Dodged            |     5 |    10 |    12 |    16 ||    43
